 Seeded DCSS version 0.29-a0-352-g0917bc69df (webtiles) character file.

Game seed: 7774103814747607012 (custom seed)

69382 zeratav the Whirler (level 14, -19/59 (77) HPs)
             Began as a Spriggan Hunter on Apr 22, 2022.
             Was an Initiate of Gozag.
             Collided with a translucent stone wall (22 damage)
             ... caused by a wretched star
             ... in a Gauntlet on Apr 24, 2022.
             The game lasted 01:30:12 (26305 turns).

zeratav the Whirler (Spriggan Hunter)              Turns: 26305, Time: 01:30:13

HP:   -19/59 (77)   AC:  3    Str:  7    XL:     14   Next: 90%
MP:   14/15         EV: 37    Int: 17    God:    Gozag
Gold: 4856          SH:  0    Dex: 29    Spells: 10/13 levels left

rFire   + . .      SeeInvis +   u - +5 fustibalus (flame) {sling}
rCold   . . .      Faith    .   (shield currently unavailable)
rNeg    . . .      Spirit   .   n - +1 robe {rF+}
rPois   .          Reflect  .   (helmet restricted)
rElec   .          Harm     .   r - scarf {+Inv}
rCorr   .          Rampage  .   (gloves unavailable)
Will    ++...      NoTele   +   (boots unavailable)
Stlth   ++++++....              X - amulet of regeneration {@e2}
HPRegen 0.99/turn               p - +6 ring of dexterity
MPRegen 0.14/turn               s - +6 ring of intelligence

@: gold aura, very slightly contaminated, heavily drained, invisible, very quick
A: very small, no large weapons, unfitting armour, see invisible, speed 3
a: Renounce Religion, Evoke Invisibility, Potion Petition, Call Merchant, Bribe
Branch


You were in a Gauntlet.
You worshipped Gozag.
Gozag was most pleased with you.
You visited 5 branches of the dungeon, and saw 23 of its levels.
You also visited: Gauntlet, Ice Cave and Volcano.

You collected 6423 gold pieces.
You spent 1485 gold pieces at shops.
You paid 82 gold pieces to Gozag.


Innate Abilities, Weirdness & Mutations

You are very small and have problems with some larger weapons.
You are too small for most types of armour.
You have supernaturally acute eyesight. (SInv)
You cover ground extremely quickly. (Speed+++)


   Skills:
 - Level 10.0 Fighting
 - Level 18.0 Slings
 - Level 15.0 Dodging
 + Level 12.9 Stealth
 - Level 6.0 Hexes
 - Level 6.0 Translocations
 - Level 15.0 Evocations


You had 10 spell levels left.
You knew the following spells:

 Your Spells              Type           Power      Damage    Failure   Level
a - Portal Projectile     Hex/Tloc       40%        N/A       6%          3

Your spell library contained the following spells:

 Spells                   Type           Power      Damage    Failure   Level
 Blink                    Tloc           40%        N/A       3%          2
 Confusing Touch          Hex            20%        N/A       6%          3
 Lesser Beckoning         Tloc           20%        N/A       6%          3
 Beastly Appendage        Tmut           0%         N/A       24%         1
 Magic Dart               Conj           0%         1d3       24%         1
 Shock                    Conj/Air       0%         1d3       24%         1
 Call Imp                 Summ           0%         N/A       34%         2
 Static Discharge         Conj/Air       0%         N/A       34%         2
 Wereblood                Tmut           0%         N/A       34%         2
 Manifold Assault         Tloc           20%        N/A       50%         5
 Ignite Poison            Fire/Tmut/Pois 0%         N/A       56%         3
 Mephitic Cloud           Conj/Pois/Air  0%         N/A       56%         3
 Spider Form              Tmut/Pois      0%         N/A       56%         3
 Swiftness                Air            0%         N/A       56%         3
 Metabolic Englaciation   Hex/Ice        5%         N/A       88%         5
 Summon Mana Viper        Hex/Summ       10%        N/A       88%         5
 Yara's Violent Unravell  Hex/Tmut       5%         3d4       88%         5
 Airstrike                Air            0%         N/A       93%         4
 Olgreb's Toxic Radiance  Pois           0%         N/A       93%         4
 Petrify                  Tmut/Erth      0%         N/A       93%         4
 Summon Ice Beast         Ice/Summ       0%         N/A       93%         4
 Alistair's Intoxication  Tmut/Pois      0%         N/A       100%        5
 Blade Hands              Tmut           0%         N/A       100%        5
 Borgnjor's Vile Clutch   Necr/Erth      0%         N/A       100%        5
 Excruciating Wounds      Necr           0%         N/A       100%        5
 Freezing Cloud           Conj/Ice/Air   0%         6-21      100%        5
 Lightning Bolt           Conj/Air       0%         1d11      100%        5
 Eringya's Noxious Bog    Tmut/Pois      0%         N/A       100%        6
 Statue Form              Tmut/Erth      0%         N/A       100%        6
 Enfeeble                 Hex            10%        N/A       100%        7
 Monstrous Menagerie      Summ           0%         N/A       100%        7
 Ozocubu's Refrigeration  Ice            0%         4d5       100%        7
 Ignition                 Fire           0%         3d3       100%        8
 Maxwell's Capacitive Co  Air            0%         ∞         100%        8

Inventory:

Hand Weapons
 u - a +5 fustibalus of flaming (weapon) {sling}
   (You bought it in a shop on level 2 of the Dungeon)
 P - a +0 arbalest {crossbow}
   (You took it off an orc knight on level 2 of the Orcish Mines)
Armour
 n - a +1 robe of fire resistance (worn)
   (You took it off an orc wizard on level 6 of the Dungeon)
 r - a scarf of invisibility (worn)
   (You found it on level 3 of the Dungeon)
 N - +0 fire dragon scales
   (You found it in a volcano)
 Q - the +5 cloak of Haguac {rF+ Str+4 Slay+2}
   (You bought it in a shop on level 2 of the Orcish Mines)

   Str:       It affects your strength (+4).
   Slay:      It affects your accuracy & damage with ranged weapons and melee
   (+2).
   rF:        It protects you from fire.
 S - a +2 robe of cold resistance
   (You took it off an orc sorcerer on level 1 of the Orcish Mines)
Jewellery
 p - a +6 ring of dexterity (left hand)
   (You found it on level 3 of the Dungeon)
 s - a +6 ring of intelligence (right hand)
   (You found it on level 3 of the Dungeon)
 w - a ring of ice
   (You found it on level 7 of the Dungeon)
 C - a ring of poison resistance
   (You found it on level 9 of the Dungeon)
 H - a ring of ice
   (You found it on level 5 of the Lair of Beasts)
 O - a +6 ring of strength
   (You bought it in a shop on level 2 of the Orcish Mines)
 V - a ring of wizardry
   (You found it on level 1 of the Lair of Beasts)
 X - an amulet of regeneration (around neck) {@e2}
   (You found it on level 3 of the Lair of Beasts)
Wands
 j - a wand of polymorph (5)
   (You found it on level 1 of the Lair of Beasts)
 o - a wand of acid (17)
   (You found it on level 3 of the Dungeon)
 A - a wand of digging (5)
   (You found it on level 4 of the Dungeon)
 B - a wand of charming (4)
   (You found it on level 2 of the Lair of Beasts)
 D - a wand of flame (10)
   (You found it on level 12 of the Dungeon)
 T - a wand of mindburst (5)
   (You found it on level 10 of the Dungeon)
 Y - a wand of paralysis (5)
   (You found it on level 13 of the Dungeon)
Scrolls
 c - 3 scrolls of immolation {!r!r}
 d - 7 scrolls of fog
 e - 2 scrolls of magic mapping {!r}
 f - 11 scrolls of teleportation {@r4}
 k - 8 scrolls of enchant armour
 t - 4 scrolls of fear
 v - 2 scrolls of blinking {!r}
 x - 2 scrolls of silence {!r}
 y - a scroll of vulnerability {!r!r}
 F - a scroll of brand weapon
 J - a scroll of holy word
 K - 3 scrolls of amnesia
 L - 4 scrolls of summoning
 Z - a scroll of enchant weapon
Potions
 a - a potion of berserk rage {unknown}
 b - a potion of attraction {!q}
 g - 2 potions of curing {@q1}
 h - 2 potions of ambrosia
 i - 3 potions of lignification {!q}
 l - a potion of mutation {!q}
 m - a potion of might {unknown}
 q - 4 potions of flight
 z - 3 potions of heal wounds {unknown}
 E - a potion of brilliance {unknown}
 G - 2 potions of cancellation
 I - a potion of haste {unknown}
 M - a potion of resistance {unknown}

Dungeon Overview and Level Annotations

Branches:
Dungeon (13/15)            Temple (1/1) D:5            Lair (6/6) D:10
 Shoals (0/4) Lair:2        Snake (0/4) Lair:3          Orc (2/2) D:11
    Elf (1/3) Orc:2         IceCv (visited)         Volcano (visited)
Gauntlet (1/1)
  Slime: Lair:5-6    Vaults: D:13-14

Altars:
Ashenzari
Cheibriados
Dithmenos
Elyvilon
Fedhas
Gozag
Hepliaklqana
Kikubaaqudgha
Makhleb
Nemelex Xobeh
Okawaru
Ru
Trog
Uskayaw
Vehumet
Wu Jian
Xom
Yredelemnul
Zin
The Shining One

Shops:
D:2 (   D:5 (   D:7 :   D:13 !   Orc:1 !   Orc:2 :**::

Annotations:
D:8 2 transporters, spaghetti's ghost, novice GnWn
D:11 2 transporters, sirJeffrey23's ghost, journeyman DsMo Gauntlet 9 transporters, exclusion: ice statue

.....≈....#.©.#.....#8#
....≈8≈...#...#.8...###
.....≈....#.©.#.....#
####...###########..###
#!.#...#....$....#..#8#
##.#...#...###...#..###
.#.#...#..$.#..*.#..#
.#.#...#.#.©#..#.#..###
...#...#.#######@#..#8#
.#x#...#.#..#..#.#..###
##.#...#....#....#..#
#..#...#...#.#...#..###
...#...#..?!©[[..#..#8#
####...###########..###
....................#
....≈∩≈............≈#
#####################


You could see a wretched star.


Message History

The sling bullet burns the small abomination.
You destroy the small abomination!
You see here 34 gold pieces.
Fire: u) +5 fustibalus (flame) {sling}
Press: ? - help, Q - select action, (/) - cycle Shift-Dir - straight line, f - small abomination
Aim: a small abomination (80% to hit)
You shoot a sling bullet.
The sling bullet hits the small abomination!
The sling bullet burns the small abomination.
Fire: u) +5 fustibalus (flame) {sling}
Press: ? - help, Q - select action, (/) - cycle Shift-Dir - straight line, f/p - small abomination
Aim: a small abomination (heavily damaged, 80% to hit)
You shoot a sling bullet.
The sling bullet completely misses the small abomination.
The small abomination hits you.
HP[-3]
You take 3 damage, and now have 70/73 hp.
HP[+1] Fire: u) +5 fustibalus (flame) {sling}
Press: ? - help, Q - select action, (/) - cycle Shift-Dir - straight line, f/p - small abomination
Aim: a small abomination (heavily damaged, 80% to hit)
You shoot a sling bullet.
The sling bullet hits the small abomination!
The sling bullet burns the small abomination.
HP[+1] Fire: u) +5 fustibalus (flame) {sling}
Press: ? - help, Q - select action, (/) - cycle Shift-Dir - straight line, f/p - small abomination
Aim: a small abomination (almost destroyed, 80% to hit)
You shoot a sling bullet.
The sling bullet hits the small abomination!
The sling bullet burns the small abomination.
You destroy the small abomination!
You feel drained.
You fail to use your ability.
HP[-6]
You now have 66 max hp (-7).
You feel drained.
You fade into invisibility!
You are very lightly contaminated with residual magic.
HP[-7] MP[-2]
You now have 59 max hp (-7).
You lost 2 mp, and now have 13/15 mp.
Fire: u) +5 fustibalus (flame) {sling}
Press: ? - help, Q - select action, (/) - cycle Shift-Dir - straight line, f - wretched star
Aim: a wretched star (76% to hit)
You shoot a sling bullet.
The sling bullet hits the wretched star!
The sling bullet burns the wretched star.
Fire: u) +5 fustibalus (flame) {sling}
Press: ? - help, Q - select action, (/) - cycle Shift-Dir - straight line, f/p - wretched star
Aim: a wretched star (moderately damaged, 76% to hit)
You shoot a sling bullet.
The sling bullet closely misses the wretched star.
Fire: u) +5 fustibalus (flame) {sling}
Press: ? - help, Q - select action, (/) - cycle Shift-Dir - straight line, f/p - wretched star
Aim: a wretched star (moderately damaged, 76% to hit)
You shoot a sling bullet.
The sling bullet hits the wretched star.
The sling bullet burns the wretched star.
The wretched star glows turbulently.
The lance of force hits you!!
Ouch! That really hurt!
* * * LOW HITPOINT WARNING * * *
You are knocked back by the lance of force.
You slam into the translucent stone wall!
* * * LOW HITPOINT WARNING * * *
HP[-46]
You take 46 damage, and now have 13/59 hp.
MASSIVE DAMAGE!! (PAUSE) HP[+1]
The wretched star glows turbulently.
The lance of force misses you.
HP[+1] Fire: u) +5 fustibalus (flame) {sling}
Press: ? - help, Q - select action, (/) - cycle Shift-Dir - straight line, f/p - wretched star
Aim: a wretched star (moderately damaged, 76% to hit)
You shoot a sling bullet.
The sling bullet hits the wretched star!
The sling bullet burns the wretched star.
The wretched star is distracted by your dazzling golden aura.
Fire: u) +5 fustibalus (flame) {sling}
Press: ? - help, Q - select action, (/) - cycle Shift-Dir - straight line, f/p - wretched star
Aim: a wretched star (heavily damaged, unaware, hasn't noticed you, 76% to hit)
You shoot a sling bullet.
The sling bullet hits the wretched star but does no damage.
The wretched star is no longer distracted by gold.
HP[+1] Fire: u) +5 fustibalus (flame) {sling}
Press: ? - help, Q - select action, (/) - cycle Shift-Dir - straight line, f/p - wretched star
Aim: a wretched star (heavily damaged, 76% to hit)
You shoot a sling bullet.
The sling bullet hits the wretched star!!
The sling bullet burns the wretched star.
HP[+1] MP[+1]
The wretched star glows turbulently.
The lance of force hits you!
* * * LOW HITPOINT WARNING * * *
You are knocked back by the lance of force.
You slam into the translucent stone wall!
You die...
Your body crumbles into a pile of gold.

Skill      XL: |  1  2  3  4  5  6  7  8  9 10 11 12 13 14 |
---------------+-------------------------------------------+-----
Slings         | 5 6 7 8 10 12 14 17 18 | 18.0
Hexes          | 6 |  6.0
Translocations | 6 |  6.0
Fighting       | 3 9 10 | 10.0
Dodging        | 12 15 | 15.0
Evocations     | 12 15 | 15.0
Stealth        | 12 | 12.9

Action                   |  1- 3 |  4- 6 |  7- 9 | 10-12 | 13-15 || total
-------------------------+-------+-------+-------+-------+-------++-------
Melee: Unarmed           |       |       |     3 |       |       ||     3
 Fire: Hunting sling     |   131 |   141 |   328 |       |       ||   600
       Fustibalus        |       |       |    89 |   661 |   929 ||  1679
Throw: Dart              |       |       |     6 |    15 |       ||    21
 Cast: Portal Projectile |       |       |       |     2 |     3 ||     5
 Abil: Evoke Invisibilit |       |       |       |       |     2 ||     2
Evoke: Wand              |       |       |       |       |     3 ||     3
  Use: Potion            |     1 |       |     1 |       |     9 ||    11
       Scroll            |       |       |     3 |    13 |     4 ||    20
Armor: Robe              |     8 |     1 |     2 |     2 |     7 ||    20
       Skin              |       |       |     3 |       |       ||     3
Dodge: Dodged            |    46 |    28 |    51 |    97 |   118 ||   340

Levels and vault maps discovered:
D:1:      tarquinn_simple_flora_water_d, layout_basic,
          hellmonk_ecumenical_altar_lost_god
D:2:      layout_basic, serial_shops,
          nicolae_shop_temple_entry_statues_fountains
D:3:      layout_rooms, kennysheep_generic_room_13
D:4:      layout_loops_ring, grunt_temple_overflow_open,
          worldfamousw_hep_ancestral_shrine
D:5:      layout_cave_pools, lemuel_temple_firewalk_b, serial_gnoll_camp,
          gnoll_camp_huts_basic, grums_kennel, gnoll_camp_mini_house,
          gnoll_camp_mini_shop, gnoll_camp_mini_hut, uniq_menkaure, uniq_ijyb
D:6:      layout_gridville, nzn_wu_jian_council_hall,
          nicolae_vehumet_altar_sigil, mainiacjoe_overflow_surrounded_room,
          minmay_hedge_maze, uniq_grinder, uniq_crazy_yiuf_cottage
D:7:      layout_gridville, tso_altar, serial_shops, kennysheep_mini_moat
D:8:      layout_loops_ring, lemuel_coloured_pillars_altar, gammafunk_ghost_hive
D:9:      layout_loops_ring
D:10:     layout_loops_corners, erik_lair_orcish_takeover
D:11:     layout_basic, orc_0_dummy, gammafunk_ghost_arena
D:12:     layout_cross, nicolae_ru_the_path_less_chosen
D:13:     layout_layer_cave, serial_shops, shop, gammafunk_ghost_necromancy,
          portal_ice_cave_entry_pillars_1, serial_park_tiny_1,
          minmay_three_doors, uniq_lodul
Temple:   jpeg_temple_island
Lair:1:   minmay_lair_oklob_chamber, layout_regular_city
Lair:2:   layout_regular_city, minmay_shoals_entry_hut, uniq_sonja
Lair:3:   layout_regular_city, guppyfry_snake_entry_garden,
          minmay_stone_trees_small, grunt_forest_stairs_basic,
          serial_bayou_shore_b
Lair:4:   layout_regular_city, grunt_megastairs_5
Lair:5:   nzn_winding_woodlands_small [nzn_winding_woodlands_5x15_default,
          nzn_winding_woodlands_center_pierced_h,
          nzn_winding_woodlands_5x15_pool], layout_layer_cave,
          beast_lair_carwin_1, grunt_megastairs_4, infiniplex_staircase_pool
Lair:6:   guppyfry_lair_end_dragon, layout_loops_ring,
          hangedman_lair_caniforms_friends, slime_dummy, gauntlet_entry_generic
Orc:1:    layout_diamond_mine, nicolae_volcano_entry_two_sided, serial_shops,
          nicolae_diamond_shop
Orc:2:    st_orc_pillars, layout_caves, serial_shops, shop,
          nicolae_orc_stony_grotto, uniq_saint_roka
Elf:1:    elf_arrival_002, layout_geoelf_diagonals, serial_shops,
          nicolae_take_the_stairs, shop, hangedman_elf_represent,
          lemuel_flamethrower_1
Gauntlet: gammafunk_gauntlet_shortcut [gammafunk_gauntlet_arena_open,
          nicolae_gauntlet_arena_t_cross, gammafunk_gauntlet_arena_arrow_garden,
          nicolae_gauntlet_arena_x, nicolae_gauntlet_swirl,
          gammafunk_gauntlet_arena_spirals, gauntlet_exit_watery]

Notes
Turn   | Place    | Note
-------+----------+-------------------------------------------
     0 | D:1      | zeratav the Spriggan Hunter began the quest for the Orb.
     0 | D:1      | Reached XP level 1. HP: 10/10 MP: 2/2
     0 | D:1      | magus.rc [v1.9.6]
    39 | D:1      | Reached skill level 5 in Slings
   234 | D:1      | Reached XP level 2. HP: 14/14 MP: 3/3
   284 | D:1      | Found a faded altar of an unknown god.
   635 | D:2      | Found Joxaot's Weapon Shop.
   645 | D:1      | Reached skill level 6 in Slings
   645 | D:1      | Reached XP level 3. HP: 14/18 MP: 4/4
  1252 | D:3      | Identified the +5 falchion of the Endless Expanse {freeze,
                  | rElec Int-4 SInv}
  1351 | D:3      | Reached XP level 4. HP: 21/22 MP: 5/5
  1393 | D:3      | Reached skill level 7 in Slings
  1583 | D:4      | Found a snail-covered altar of Cheibriados.
  1585 | D:4      | Found an iron altar of Okawaru.
  1592 | D:4      | Found a broken altar of Ashenzari.
  1594 | D:4      | Found a white marble altar of Elyvilon.
  1594 | D:4      | Found a hide-covered altar of Uskayaw.
  1594 | D:4      | Found an ancient bone altar of Kikubaaqudgha.
  1595 | D:4      | Found a sacrificial altar of Ru.
  1596 | D:4      | Noticed a scorpion
  1651 | D:3      | Killed a scorpion
  1652 | D:3      | Reached XP level 5. HP: 24/25 MP: 6/6
  1708 | D:4      | Identified the +8 short sword "Kuakk" {venom, +Blink Will+
                  | Int+3}
  1782 | D:4      | Noticed a water moccasin
  1935 | D:3      | Killed a water moccasin
  1936 | D:3      | Reached skill level 8 in Slings
  2088 | D:4      | Reached XP level 6. HP: 30/30 MP: 7/7
  2143 | D:4      | Reached skill level 9 in Slings
  2312 | D:4      | Noticed a water moccasin
  2422 | D:4      | Found a hazy altar of Hepliaklqana.
  2606 | D:5      | Entered Level 5 of the Dungeon
  2652 | D:5      | Noticed Menkaure
  2681 | D:4      | HP: 7/30 [??? (4)]
  2690 | D:4      | HP: 5/30 [??? (3)]
  2692 | D:4      | Killed Menkaure
  2988 | D:5      | Noticed Ijyb
  3176 | D:4      | Killed Ijyb
  3177 | D:4      | Reached skill level 10 in Slings
  3290 | D:5      | Reached XP level 7. HP: 33/33 MP: 8/8
  3295 | D:5      | Found Junneyfi's Antique Weapon Shoppe.
  3539 | D:5      | Reached skill level 11 in Slings
  3664 | D:5      | You pick up a book of Spatial Translocations and begin
                  | reading...
  3664 | D:5      | You add the spells Blink, Lesser Beckoning and Manifold
                  | Assault to your library.
  3668 | D:5      | You pick up a book of Misfortune and begin reading...
  3668 | D:5      | You add the spells Confusing Touch, Yara's Violent
                  | Unravelling and Enfeeble to your library.
  3768 | D:5      | Noticed Grum
  3878 | D:5      | Reached skill level 12 in Slings
  3878 | D:5      | Reached XP level 8. HP: 37/37 MP: 9/9
  4132 | D:5      | Found a staircase to the Ecumenical Temple.
  4141 | Temple   | Entered the Ecumenical Temple
  4170 | Temple   | Became a worshipper of Gozag Ym Sagoz the Greedy
  4443 | D:5      | Killed Grum
  4444 | D:5      | Reached skill level 13 in Slings
  4614 | D:5      | You pick up a book of Lightning and begin reading...
  4614 | D:5      | You add the spells Static Discharge, Lightning Bolt and
                  | Maxwell's Capacitive Coupling to your library.
  4838 | D:6      | Found an ornate altar of the Wu Jian Council.
  4872 | D:6      | Found a runed translucent door.
  4873 | D:6      | Noticed Crazy Yiuf
  5066 | D:6      | Noticed a komodo dragon
  5141 | D:6      | Killed a komodo dragon
  5142 | D:6      | Reached skill level 14 in Slings
  5167 | D:6      | Noticed Grinder
  5177 | D:6      | Killed Grinder
  5178 | D:6      | Reached XP level 9. HP: 41/41 MP: 10/10
  5342 | D:5      | HP: 10/41 [poisoned by a water moccasin]
  5347 | D:5      | HP: 8/61 [poisoned by a water moccasin]
  5352 | D:5      | HP: 4/61 [poisoned by a water moccasin]
  5710 | D:5      | Reached skill level 15 in Slings
  6000 | D:6      | Found a sparkling altar of Nemelex Xobeh.
  6259 | D:6      | Found a radiant altar of Vehumet.
  6494 | D:6      | Killed Crazy Yiuf
  6669 | D:2      | Bought a +2 fustibalus of flaming for 429 gold pieces
  6688 | D:2      | Upgraded the game from 0.29-a0-350-g7790a0e70a to
                  | 0.29-a0-352-g0917bc69df
  6688 | D:2      | magus.rc [v1.9.6]
  7033 | D:7      | Reached skill level 16 in Slings
  7285 | D:7      | Found a glowing golden altar of the Shining One.
  7408 | D:7      | Found Wadaff's Book Boutique.
  7713 | D:8      | Identified the +7 dagger "Muweko" {drain, rPois rC+ Int+2
                  | Dex-3}
  7879 | D:8      | Found a shimmering altar of Xom.
  8022 | D:8      | Reached skill level 17 in Slings
  8319 | D:8      | You pick up a book of Sloth and begin reading...
  8319 | D:8      | You add the spells Petrify, Metabolic Englaciation and
                  | Statue Form to your library.
  8382 | D:8      | Reached XP level 10. HP: 46/46 MP: 11/11
  8492 | D:8      | Noticed spaghetti's ghost (novice GnWn)
  8495 | D:8      | Found a transporter.
  8539 | D:8      | Reached skill level 18 in Slings
  8628 | D:8      | Found a transporter.
  8797 | D:7      | Bought a book of Weapons for 320 gold pieces
  8797 | D:7      | You pick up a book of Weapons and begin reading...
  8797 | D:7      | You add the spells Portal Projectile, Excruciating Wounds
                  | and Blade Hands to your library.
  8910 | D:9      | Reached skill level 1 in Hexes
  8910 | D:9      | Reached skill level 1 in Translocations
  9052 | D:9      | Identified the +4 pair of gloves of Transparent Awe {rPois
                  | rC+++ Will- Int+4}
  9128 | D:9      | Reached skill level 2 in Translocations
  9287 | D:9      | Noticed a two-headed ogre
  9292 | D:9      | Killed a two-headed ogre
  9293 | D:9      | Reached skill level 3 in Hexes
  9293 | D:9      | Reached skill level 4 in Translocations
  9381 | D:9      | Reached skill level 4 in Hexes
  9382 | D:9      | Reached skill level 5 in Translocations
  9385 | D:9      | Reached skill level 5 in Hexes
  9561 | D:9      | Learned a level 3 spell: Portal Projectile
  9590 | D:10     | Entered Level 10 of the Dungeon
  9614 | D:10     | Reached skill level 6 in Translocations
  9624 | D:10     | Reached skill level 6 in Hexes
  9682 | D:10     | Reached skill level 2 in Fighting
 10059 | D:10     | Reached skill level 3 in Fighting
 10093 | D:10     | Found a staircase to the Lair.
 10329 | D:10     | Reached XP level 11. HP: 53/53 MP: 12/12
 10515 | D:11     | Found a staircase to the Orcish Mines.
 10535 | D:11     | Reached skill level 4 in Fighting
 10538 | D:11     | Noticed a four-headed hydra
 10542 | D:11     | Killed a four-headed hydra
 10546 | D:11     | Reached skill level 5 in Fighting
 10643 | D:11     | Noticed a two-headed ogre
 10652 | D:11     | Killed a two-headed ogre
 11023 | D:11     | HP: 14/56 [centaur/arrow (7)]
 11309 | D:11     | Reached skill level 6 in Fighting
 11847 | D:11     | Noticed an ice dragon
 11874 | D:11     | Found a transporter.
 11878 | D:11     | Found a transporter.
 11908 | D:11     | Reached skill level 7 in Fighting
 11915 | D:11     | Noticed sirJeffrey23's ghost (journeyman DsMo)
 12293 | D:12     | Reached skill level 8 in Fighting
 12386 | D:12     | Found a sacrificial altar of Ru.
 12478 | D:12     | You add the spells Ignite Poison, Mephitic Cloud and
                  | Freezing Cloud to your library.
 12648 | D:13     | Noticed a two-headed ogre
 12653 | D:13     | Killed a two-headed ogre
 12674 | D:13     | Noticed a two-headed ogre
 12676 | D:13     | Reached skill level 9 in Fighting
 12678 | D:13     | Noticed a two-headed ogre
 12681 | D:13     | Noticed Lodul
 12684 | D:13     | Killed a two-headed ogre
 12689 | D:13     | Killed a two-headed ogre
 12690 | D:13     | Reached XP level 12. HP: 67/67 MP: 13/13
 12695 | D:13     | Killed Lodul
 12761 | D:13     | Found Pyuvuz's Distillery.
 12769 | D:13     | Noticed a centaur warrior
 13339 | D:13     | Found a frozen archway.
 13359 | IceCv    | Entered an ice cave
 13364 | IceCv    | Reached skill level 10 in Fighting
 13372 | IceCv    | Reached skill level 3 in Dodging
 13582 | IceCv    | Reached skill level 4 in Dodging
 13586 | IceCv    | Found a transporter.
 13596 | IceCv    | You add the spells Alistair's Intoxication, Borgnjor's Vile
                  | Clutch and Eringya's Noxious Bog to your library.
 13639 | IceCv    | Found a transporter.
 13907 | Orc:1    | Entered Level 1 of the Orcish Mines
 13916 | Orc:1    | Reached skill level 5 in Dodging
 13992 | Orc:1    | Reached skill level 6 in Dodging
 14130 | Orc:1    | Found Ytsiph's Distillery.
 14207 | Orc:1    | Noticed a two-headed ogre
 14231 | Orc:1    | Killed a two-headed ogre
 14232 | Orc:1    | Reached skill level 7 in Dodging
 14338 | Orc:1    | Found a dark tunnel.
 14349 | Volcano  | Entered a volcano
 14364 | Volcano  | Reached skill level 8 in Dodging
 14457 | Volcano  | Reached skill level 9 in Dodging
 14566 | Volcano  | Reached skill level 10 in Dodging
 14673 | Volcano  | Noticed a fire dragon
 14696 | Volcano  | Killed a fire dragon
 14697 | Volcano  | Reached skill level 11 in Dodging
 14744 | Volcano  | H - a +1 quick blade of flaming {shortrare=g}
 14750 | Volcano  | Identified the +1 helmet of the Grue {Fly Will+}
 15244 | Orc:1    | You fall into a shaft and drop 1 floor!
 15244 | Orc:2    | Entered Level 2 of the Orcish Mines
 15244 | Orc:2    | Noticed an orc high priest
 15246 | Orc:2    | Found Akeonuarph's Assorted Antiques.
 15246 | Orc:2    | Found Nafuprer's Book Emporium.
 15246 | Orc:2    | Found Tuzot's Book Emporium.
 15246 | Orc:2    | Found Kakoofei's General Store.
 15670 | Orc:1    | Reached skill level 12 in Dodging
 15957 | Orc:2    | Noticed an orc warlord
 16466 | Orc:1    | Killed an orc warlord
 16467 | Orc:1    | Reached XP level 13. HP: 63/72 MP: 14/14
 16603 | Orc:2    | Reached skill level 13 in Dodging
 16614 | Orc:2    | Identified a +2 robe of the Archmagi
 16678 | Orc:2    | Found Dehicule's Book Shoppe.
 17032 | Orc:2    | Reached skill level 14 in Dodging
 17458 | Orc:2    | Reached skill level 15 in Dodging
 17483 | Orc:2    | Reached skill level 2 in Evocations
 17488 | Orc:2    | Reached skill level 3 in Evocations
 17547 | Orc:2    | Reached skill level 4 in Evocations
 17729 | Orc:2    | Reached skill level 5 in Evocations
 17806 | Orc:2    | Reached skill level 6 in Evocations
 17825 | Orc:2    | Found a staircase to the Elven Halls.
 18127 | Orc:2    | Noticed Saint Roka
 18417 | Orc:2    | Reached skill level 7 in Evocations
 18440 | Orc:2    | HP: 18/72 [Saint Roka/divine providence (12)]
 18443 | Orc:2    | HP: 3/72 [Saint Roka/divine providence (16)]
 18794 | Orc:2    | HP: 12/72 [Saint Roka/divine providence (12)]
 18796 | Orc:2    | HP: 2/72 [Saint Roka/divine providence (16)]
 18815 | Orc:2    | HP: 8/72 [Saint Roka/divine providence (11)]
 18816 | Orc:2    | Killed Saint Roka
 18817 | Orc:2    | Reached skill level 9 in Evocations
 19235 | Orc:2    | Bought a scroll of enchant weapon for 105 gold pieces
 19235 | Orc:2    | Bought a wand of acid (3) for 196 gold pieces
 19238 | Orc:2    | Bought a faintly humming cloak for 285 gold pieces
 19238 | Orc:2    | Identified the +5 cloak of Haguac {rF+ Str+4 Slay+2} (You
                  | bought it in a shop on level 2 of the Orcish Mines)
 19238 | Orc:2    | Bought a small silver ring for 150 gold pieces
 19490 | Elf:1    | Entered Level 1 of the Elven Halls
 19740 | Lair:1   | Entered Level 1 of the Lair of Beasts
 19765 | Lair:1   | You add the spells Olgreb's Toxic Radiance, Ozocubu's
                  | Refrigeration and Ignition to your library.
 19857 | Lair:1   | Identified the +6 war axe of Wyrd {flame, Dex+4}
 20021 | Lair:1   | Reached skill level 10 in Evocations
 20323 | Lair:1   | You pick up a book of Air and begin reading...
 20323 | Lair:1   | You add the spells Shock, Swiftness and Airstrike to your
                  | library.
 21098 | Lair:2   | Reached skill level 11 in Evocations
 21166 | Lair:2   | Found a staircase to the Shoals.
 21371 | Lair:2   | You drop a +1 quick blade of flaming {shortrare=g}.
 21391 | Lair:2   | You pick up a book of Minor Magic and begin reading...
 21391 | Lair:2   | You add the spells Magic Dart and Call Imp to your library.
 21405 | Lair:2   | H - a +1 quick blade of flaming {shortrare=g}
 21452 | Lair:2   | Reached skill level 12 in Evocations
 21452 | Lair:2   | Reached XP level 14. HP: 72/77 MP: 15/15
 21572 | Lair:2   | Noticed Sonja
 21586 | Lair:2   | You pick up a book of Changes and begin reading...
 21586 | Lair:2   | You add the spells Beastly Appendage, Wereblood and Spider
                  | Form to your library.
 21590 | Lair:2   | Killed Sonja
 22292 | Lair:3   | Found a staircase to the Snake Pit.
 22343 | Lair:3   | Reached skill level 13 in Evocations
 22361 | Lair:3   | magus.rc [v1.9.6]
 22647 | Lair:3   | You drop a +1 quick blade of flaming {shortrare=g}.
 22670 | Lair:3   | H - a +1 quick blade of flaming {shortrare=g}
 23157 | Lair:3   | You drop a +1 quick blade of flaming {shortrare=g}.
 23274 | Lair:4   | Reached skill level 14 in Evocations
 23304 | Lair:4   | Identified a +1 robe of the Archmagi
 23972 | Lair:5   | You pick up a book of Beasts and begin reading...
 23972 | Lair:5   | You add the spells Summon Ice Beast, Summon Mana Viper and
                  | Monstrous Menagerie to your library.
 24054 | Lair:5   | Reached skill level 15 in Evocations
 24054 | Lair:5   | Reached skill level 2 in Stealth
 24091 | Lair:5   | Reached skill level 3 in Stealth
 24193 | Lair:5   | Reached skill level 4 in Stealth
 24319 | Lair:5   | Reached skill level 5 in Stealth
 24339 | Lair:5   | Reached skill level 6 in Stealth
 24497 | Lair:5   | Reached skill level 7 in Stealth
 24517 | Lair:5   | Reached skill level 8 in Stealth
 24572 | Lair:5   | Reached skill level 9 in Stealth
 24952 | Lair:5   | Reached skill level 10 in Stealth
 24994 | Lair:5   | Reached skill level 11 in Stealth
 25510 | Lair:6   | Entered Level 6 of the Lair of Beasts
 25579 | Lair:6   | Reached skill level 12 in Stealth
 25646 | Lair:6   | Found a gate leading to a gauntlet.
 25657 | Lair:6   | magus.rc [v1.9.6]
 25658 | Gauntlet | Entered a Gauntlet
 25658 | Gauntlet | Found a transporter.
 25658 | Gauntlet | Found a transporter.
 25658 | Gauntlet | Found a transporter.
 25662 | Gauntlet | Found a transporter.
 25662 | Gauntlet | Found a transporter.
 25672 | Gauntlet | Found a transporter.
 25682 | Gauntlet | Found a transporter.
 25687 | Gauntlet | Found a transporter.
 25693 | Gauntlet | Found a transporter.
 25710 | Gauntlet | Found a transporter.
 25718 | Gauntlet | Found a transporter.
 25735 | Gauntlet | Found a transporter.
 26299 | Gauntlet | HP: 13/59 [translucent stone wall collision (13)]
 26305 | Gauntlet | HP: 3/59 [wretched star/lance of force (14)]
 26305 | Gauntlet | Collided with a translucent stone wall

Vanquished Creatures
  Saint Roka (Orc:2)
  An orc warlord (Orc:1)
  A fire dragon (Volcano)
  A boulder beetle (Lair:5)
  2 catoblepae (Lair:5)
  8 hydras
  6 two-headed ogres
  11 death yaks
  5 orc high priests (Orc:2)
  Sonja (Lair:2)
  Lodul (D:13)
  5 lindwurms
  9 orc knights
  2 ugly things
  2 oklob plants (Lair:1)
  5 orc sorcerers
  3 cyclopes
  A moth of wrath (Gauntlet)
  2 smoke demons (Volcano)
  4 elephants
  A gargoyle (D:13)
  A black mamba (Lair:5)
  9 cane toads
  4 komodo dragons
  5 rime drakes
  6 trolls
  A hornet (D:11)
  10 blink frogs
  4 slime creatures (D:11)
  Grinder (D:6)
  2 polar bears (Lair:2)
  A snapping turtle (Lair:2)
  A dream sheep (Lair:5)
  A dire elephant simulacrum (IceCv)
  2 wraiths
  2 vampires
  33 yaks
  3 wyverns
  5 basilisks
  4 redbacks (Gauntlet)
  2 steam dragons
  3 small abominations (Gauntlet)
  Grum (D:5)
  Menkaure (D:4)
  3 vampire mosquitoes (D:12)
  3 nagas (Lair:3)
  4 wargs
  2 acid dragons
  A hell hound (Volcano)
  13 water moccasins
  38 orc warriors
  A black bear (D:4)
  2 ice beasts
  14 ogres
  A sky beast (D:8)
  9 centaurs
  A phantom (D:6)
  10 wolves
  8 bullfrogs
  A kobold brigand (D:8)
  5 gnoll sergeants
  4 scorpions
  A cane toad simulacrum (IceCv)
  6 killer bees (D:9)
  2 howler monkeys (D:11)
  9 electric eels
  2 jellies
  10 hounds (D:5)
  31 orc priests
  Crazy Yiuf (D:6)
  2 gnoll shamans
  23 orc wizards
  Ijyb (D:4)
  3 wolf simulacra (IceCv)
  21 gnolls
  7 adders
  An ufetubus (D:5)
  3 worms
  A dart slug (D:3)
  67 orcs
  6 endoplasms
  2 giant cockroaches (D:1)
  3 goblins
  7 hobgoblins
  5 jackals
  A quokka (D:4)
  5 ball pythons
  4 bats
  3 frilled lizards
  14 kobolds
  8 rats
543 creatures vanquished.

Vanquished Creatures (others)
  A smoke demon (Volcano)
  13 fungi
  25 plants
39 creatures vanquished.

Grand Total: 582 creatures vanquished

Table legend:
 A = Non-vault XP
 B = Vault XP
 C = Vault XP percentage of total XP
 D = Non-vault monster count
 E = Vault monster count
 F = Vault count percentage of total count
                 A         B        C        D         E       F
            +---------+---------+-------+---------+---------+-------
      Total |   55087 |   44031 |  44.4 |     371 |     173 |  31.8
            +---------+---------+-------+---------+---------+-------
        D:1 |      51 |       0 |   0.0 |      24 |       0 |   0.0
        D:2 |      19 |       0 |   0.0 |      13 |       0 |   0.0
        D:3 |     278 |       4 |   1.4 |      14 |       1 |   6.7
        D:4 |     223 |     303 |  57.6 |      15 |       3 |  16.7
        D:5 |     822 |     973 |  54.2 |      12 |      26 |  68.4
        D:6 |     962 |     303 |  24.0 |      11 |       2 |  15.4
        D:7 |     419 |       0 |   0.0 |      11 |       0 |   0.0
        D:8 |    2460 |       0 |   0.0 |      28 |       0 |   0.0
        D:9 |    2542 |       0 |   0.0 |      14 |       0 |   0.0
       D:10 |    1188 |     585 |  33.0 |      17 |       8 |  32.0
       D:11 |    6139 |       0 |   0.0 |      25 |       0 |   0.0
       D:12 |    2983 |       0 |   0.0 |      17 |       0 |   0.0
       D:13 |    1280 |    2869 |  69.1 |       2 |       7 |  77.8
     Lair:1 |    1728 |    1705 |  49.7 |       6 |       4 |  40.0
     Lair:2 |    5782 |    1035 |  15.2 |      27 |       2 |   6.9
     Lair:3 |    5732 |     482 |   7.8 |      15 |       3 |  16.7
     Lair:4 |    3496 |       0 |   0.0 |      14 |       0 |   0.0
     Lair:5 |    6587 |   12027 |  64.6 |      20 |      22 |  52.4
     Lair:6 |    2895 |       0 |   0.0 |       6 |       0 |   0.0
      Orc:1 |    6901 |       0 |   0.0 |      55 |       0 |   0.0
      Orc:2 |    2600 |   16041 |  86.1 |      25 |      71 |  74.0
      IceCv |       0 |     973 | 100.0 |       0 |       6 | 100.0
    Volcano |       0 |    5155 | 100.0 |       0 |      10 | 100.0
   Gauntlet |       0 |    1576 | 100.0 |       0 |       8 | 100.0
            +---------+---------+-------+---------+---------+-------

Illustrated notes

Table legend:
 A = Kills in this place as a percentage of kills in entire the game.
 B = Kills by you in this place as a percentage of kills by you in the entire game.
 C = Kills by friends in this place as a percentage of kills by friends in the entire game.
 D = Other kills in this place as a percentage of other kills in the entire game.
 E = Experience gained in this place as a percentage of experience gained in the entire game.
 F = Experience gained in this place divided by the number of levels of this place that you have seen.
                   A       B       C       D       E      F
               +-------+-------+-------+-------+-------+----------------------
         Total | 100.0 | 100.0 |   N/A | 100.0 | 100.0 | 3812.2
       Dungeon |  46.0 |  46.0 |   N/A |   0.0 |  24.6 | 1877.2
          Lair |  21.9 |  21.9 |   N/A |   0.0 |  41.8 | 6911.5
  Orcish Mines |  27.8 |  27.8 |   N/A |   0.0 |  25.8 | 12771.0
      Ice Cave |   1.1 |   1.1 |   N/A |   0.0 |   1.0 | 973.0
       Volcano |   1.8 |   1.7 |   N/A | 100.0 |   5.2 | 5155.0
      Gauntlet |   1.5 |   1.5 |   N/A |   0.0 |   1.6 | 1576.0
               +-------+-------+-------+-------+-------+----------------------

Table legend: (Time is in decaauts)
 A = Elapsed time spent in this place.
 B = Non-inter-level travel time spent in this place.
 C = Inter-level travel time spent in this place.
 D = Time resting spent in this place.
 E = Time spent auto-exploring this place.
 F = Levels seen in this place.
 G = Mean time per level.
                   A        B        C        D        E       F      G
               +--------+--------+--------+--------+--------+-----+--------+
         Total |  19301 |  18289 |   1012 |   5059 |   7309 |  26 |  742.3 |
       Dungeon |  10119 |   9518 |    601 |   2732 |   4447 |  13 |  778.4 |
        Temple |     39 |      2 |     37 |      0 |      0 |   1 |   39.0 |
          Lair |   3906 |   3710 |    196 |    460 |   1624 |   6 |  651.0 |
  Orcish Mines |   4104 |   3927 |    177 |   1320 |   1186 |   2 | 2052.0 |
   Elven Halls |      3 |      3 |      0 |      0 |      0 |   1 |    3.0 |
      Ice Cave |    263 |    263 |      0 |    200 |     25 |   1 |  263.0 |
       Volcano |    360 |    360 |      0 |    147 |     26 |   1 |  360.0 |
      Gauntlet |    503 |    503 |      0 |    200 |      0 |   1 |  503.0 |
               +--------+--------+--------+--------+--------+-----+--------+

Top non-repeatable levels by time:
   Orc:2: 2190 daAuts
   Orc:1: 1913 daAuts
     D:5: 1524 daAuts
     D:4: 1157 daAuts
    D:11: 1086 daAuts
    D:10: 1014 daAuts
  Lair:5: 1000 daAuts
     D:6: 899 daAuts
     D:7: 859 daAuts
  Lair:2: 833 daAuts
    D:12: 807 daAuts
  Lair:3: 748 daAuts
  Lair:1: 747 daAuts
     D:1: 694 daAuts
     D:8: 605 daAuts
